 Dungeon Crawl Stone Soup version 0.30-a0-556-g0a0f5a245f (webtiles) character file.

Game seed: 8137722793410458485

37 tabbu the Firebug (level 3, -4/19 HPs)
             Began as a Deep Elf Fire Elementalist on Dec 27, 2022.
             Slain by Natasha (7 damage)
             ... on level 2 of the Dungeon.
             The game lasted 00:04:47 (733 turns).

tabbu the Firebug (Deep Elf Fire Elementalist)       Turns: 733, Time: 00:04:47

Health: -4/19      AC:  2    Str:  5    XL:     3   Next: 21%
Magic:  5/9        EV: 12    Int: 21    God:
Gold:   36         SH:  0    Dex: 15    Spells: 5/8 levels left

rFire   . . .      SeeInvis .    k - +0 dagger (protect)
rCold   . . .      Faith    .    (no shield)
rNeg    . . .      Spirit   .    a - +0 robe
rPois   .          Reflect  .    (no helmet)
rElec   .          Harm     .    (no cloak)
rCorr   .          Rampage  .    (no gloves)
Will    .....                    (no boots)
Stlth   ++                       (no amulet)
HPRegen 0.23/turn                (no ring)
MPRegen 0.11/turn                (no ring)

@: no status effects
A: no striking features
a: no special abilities


You were on level 2 of the Dungeon.
You visited 1 branch of the dungeon, and saw 2 of its levels.

You collected 36 gold pieces.

Inventory:

Hand Weapons
 k - a +0 dagger of protection (weapon)
Armour
 a - a +0 robe (worn)
Magical Staves
 c - a staff of earth
Jewellery
 d - a ring of resist corrosion
Scrolls
 e - 2 scrolls of identify
 h - a scroll of magic mapping {unknown}
 i - a scroll of torment
 m - a scroll of silence {unknown}
Potions
 b - a potion of magic
 f - a potion of curing
 g - a potion of lignification
 j - a potion of heal wounds {unknown}
 l - a potion of ambrosia {unknown}


   Skills:
 * Level 2.6 Dodging
 + Level 2.5 Stealth
 + Level 3.4 Spellcasting
 + Level 1.2 Conjurations
 * Level 4.4 Fire Magic


You had 5 spell levels left.
You knew the following spells:

 Your Spells              Type           Power      Damage    Failure   Level
a - Foxfire               Conj/Fire      60%        2x1d7     4%          1
b - Scorch                Fire           44%        2d7       3%          2

Your spell library contained the following spells:

 Spells                   Type           Power      Damage    Failure   Level
 Inner Flame              Hex/Fire       12%        N/A       16%         3
 Kindle Blastsparks       Fire/Tloc/Air  18%        2d11      22%         3
 Gell's Gravitas          Tloc           3%         N/A       36%         3
 Lesser Beckoning         Tloc           6%         N/A       36%         3
 Teleport Other           Tloc           3%         N/A       36%         3
 Flame Wave               Conj/Fire      15%        2d7       36%         4
 Petrify                  Tmut/Erth      3%         N/A       77%         4
 Metabolic Englaciation   Hex/Ice        1%         N/A       98%         5
 Statue Form              Tmut/Erth      2%         N/A       100%        6


Dungeon Overview and Level Annotations

Branches:
Dungeon (2/15)

Altars:
The Shining One

Annotations:
D:2 Natasha


Message History

You feel disoriented.
The foxfire hits Natasha.
Natasha is lightly wounded.
The foxfire hits Natasha.
Natasha is moderately wounded.
Casting: Foxfire (safe; 4% risk of failure)
Confirm with . or Enter, or press ? or * to list all spells.
You conjure some foxfire!
The foxfire hits Natasha.
Natasha is heavily wounded.
The foxfire hits Natasha.
Natasha is heavily wounded.
Casting: Foxfire (safe; 4% risk of failure)
Confirm with . or Enter, or press ? or * to list all spells.
You conjure some foxfire!
The foxfire hits Natasha.
Natasha is severely wounded.
The foxfire hits Natasha.
Natasha is severely wounded.
Casting: Foxfire (safe; 4% risk of failure)
Confirm with . or Enter, or press ? or * to list all spells.
You conjure some foxfire!
Natasha casts a spell.
The foxfire hits Natasha but does no damage.
Natasha is severely wounded.
The foxfire hits the white imp.
The white imp is burned terribly!
The white imp is moderately wounded.
Natasha casts a spell at you. The magic dart hits you!
Casting: Foxfire (safe; 4% risk of failure)
Confirm with . or Enter, or press ? or * to list all spells.
You conjure some foxfire!
Natasha casts a spell at you. The magic dart hits you!
* * * LOW HITPOINT WARNING * * *
The foxfire hits the white imp.
The white imp is burned terribly!
The white imp is severely wounded.
Unknown command.
Natasha attacks as you move away! Natasha claws you!
You die...

.... .... #... .# ....
.. #..# .# ## .... #.#
##..# #.###.. ....
#..##... ....... ....
#..#..# ..#.:.. ...#
####.#..####....#
..###..........v....###.
###...####.....5@.......
##..#####....#..h..##...
...####.............#
####.....#.#............
#<.....##..#.......#....
#####.....##.._....#....
......######........#...
####### #.......#.... #
#.##....##..


You could see Natasha and a white imp (summoned, ally target).

Vanquished Creatures
  Natasha (D:2)
  2 ball pythons (D:1)
  A giant cockroach (D:1)
  A goblin (D:2)
  3 hobgoblins
  A kobold (D:1)
  A quokka (D:1)
  A rat (D:1)
11 creatures vanquished.

Vanquished Creatures (others)
  43 foxfires
43 creatures vanquished.

Grand Total: 54 creatures vanquished

Notes
Turn   | Place    | Note
-------+----------+-------------------------------------------
     0 | D:1      | tabbu the Deep Elf Fire Elementalist began the quest for
                  | the Orb.
     0 | D:1      | Reached XP level 1. HP: 10/10 MP: 6/6
   390 | D:1      | Reached XP level 2. HP: 15/15 MP: 6/8
   393 | D:1      | Learned a level 2 spell: Scorch
   539 | D:2      | Reached skill level 4 in Fire Magic
   633 | D:2      | Noticed Natasha
   637 | D:2      | Noticed a crimson imp
   654 | D:2      | Noticed a crimson imp
   654 | D:2      | Killed Natasha
   655 | D:2      | Reached XP level 3. HP: 15/19 MP: 3/9
   715 | D:2      | Found a glowing golden altar of the Shining One.
   723 | D:2      | Noticed Natasha
   733 | D:2      | Slain by Natasha

Illustrated notes

Levels and vault maps discovered:
D:1:      nzn_arrival_crosshair, layout_rooms, minmay_pentomino_t2
D:2:      layout_rooms, basic_altar, uniq_natasha

Skill      XL: |  1  2 |
---------------+-------+-----
Fire Magic     | 4 |  4.4
Dodging        | |  2.6
Stealth        | |  2.5
Spellcasting   | |  3.4
Conjurations   | |  1.2

Action                   || total
-------------------------++-------
 Cast: Foxfire           ||    26
  Use: Potion            ||     2
       Scroll            ||     1
Armor: Skin              ||     2
       Robe              ||     1
Dodge: Dodged            ||     5

Table legend: (Time is in decaauts)
 A = Elapsed time spent in this place.
 B = Non-inter-level travel time spent in this place.
 C = Inter-level travel time spent in this place.
 D = Time resting spent in this place.
 E = Time spent auto-exploring this place.
 F = Levels seen in this place.
 G = Mean time per level.
                   A        B        C        D        E       F      G
               +--------+--------+--------+--------+--------+-----+--------+
         Total |    740 |    712 |     28 |     25 |    514 |   2 |  370.0 |
       Dungeon |    740 |    712 |     28 |     25 |    514 |   2 |  370.0 |
               +--------+--------+--------+--------+--------+-----+--------+

Top non-repeatable levels by time:
     D:1: 514 daAuts
     D:2: 226 daAuts
